 Dungeon Crawl Stone Soup version 0.26.1-10-gdfb7c7de75 (webtiles) character file.

Game seed: 10843330784061549714

1992 phalm the Schismatic (level 9, -3/69 HPs)
             Began as a Demonspawn Abyssal Knight on Apr 1, 2021.
             Was an Elder of Lugonu.
             Slain by an orc warrior
             ... wielding a +0 scimitar
              (12 damage)
             ... on level 6 of the Dungeon.
             The game lasted 00:11:03 (6510 turns).

phalm the Schismatic (Demonspawn Abyssal Knight)    Turns: 6510, Time: 00:11:04

Health: -3/69      AC: 22    Str: 14    XL:     9   Next: 1%
Magic:  4/4        EV: 11    Int: 16    God:    Lugonu [****..]
Gold:   751        SH:  4    Dex: 14    Spells: 8/8 levels left

rFire    . . .     SeeInvis .   a - +1 falchion
rCold    + . .     Faith    .   y - +0 buckler
rNeg     . . .     Spirit   .   h - +0 scale mail
rPois    .         Reflect  .   o - +0 helmet
rElec    +         Harm     .   (no cloak)
rCorr    .         Rampage  .   (no gloves)
Will     ++...                  (no boots)
Stlth    ..........             u - amulet of the Will of the Gods {+Fly rElec Will++ Regen+ MP-9}
HPRegen  0.61/turn              j - +4 ring of protection
MPRegen  0.09/turn              (no ring)

@: no status effects
A: cold resistance 1, icemail, powered by death 1, freezing cloud immunity, big
brain 1
a: Renounce Religion, Evoke Flight, Depart the Abyss, Bend Space, Banish,
Corrupt


You were on level 6 of the Dungeon.
You worshipped Lugonu.
Lugonu was greatly pleased with you.
You visited 1 branch of the dungeon, and saw 6 of its levels.
You visited the Abyss 1 time.
You also visited: Ossuary.

You collected 751 gold pieces.

Inventory:

Hand Weapons
 a - a +1 falchion (weapon)
Armour
 h - a +0 scale mail (worn)
 o - a +0 helmet (worn)
 y - a +0 buckler (worn)
Jewellery
 j - a +4 ring of protection (left hand)
 u - the amulet of the Will of the Gods (around neck) {+Fly rElec Will++ Regen+ MP-9}
   (You found it on level 4 of the Dungeon)

   [amulet of regeneration]

   It insulates you from electricity.
   It affects your willpower, your defense against some magical effects.
   It affects your magic capacity (-9).
   It lets you fly.
   It increases your rate of regeneration.
Wands
 t - a wand of random effects (21)
 v - a wand of disintegration (16)
 z - a wand of digging (4)
Scrolls
 b - 2 scrolls of enchant weapon
 f - 4 scrolls of enchant armour
 g - a scroll of summoning {unknown}
 i - 6 scrolls of remove curse
 m - 2 scrolls of immolation
 n - a scroll of blinking {unknown}
 p - 2 scrolls of amnesia {unknown}
 r - 3 scrolls of fog
Potions
 c - a potion of mutation {unknown}
 d - a potion of haste {unknown}
 e - 2 potions of heal wounds {unknown}
 k - 3 potions of magic {unknown}
 l - 2 potions of curing
 q - 2 potions of lignification {unknown}
 s - 2 potions of brilliance {unknown}
 w - a potion of flight {unknown}
 x - a potion of degeneration {unknown}


   Skills:
 + Level 5.7 Fighting
 * Level 6.3 Long Blades
 + Level 4.5 Armour
 + Level 4.1 Dodging
 * Level 1.9 Shields
 + Level 6.3 Invocations


You had 8 spell levels left.
You didn't know any spells.
Your spell library was empty.

Dungeon Overview and Level Annotations

Branches:
Dungeon (6/15)             Temple (0/1) D:5         Ossuary (visited)

Altars:
Dithmenos
Trog
Yredelemnul


Innate Abilities, Weirdness & Mutations

Your flesh is cold resistant. (rC+)
A meltable icy envelope protects you from harm. (AC +10)
You regenerate a little health from kills.
You are immune to freezing clouds.
You have an unusually large brain. (Int +2)


Message History

* * * LOW HITPOINT WARNING * * *
You hit the hound but do no damage.
The hound is heavily wounded.
The hound bites you but does no damage.
You miss the hound.
The hound is heavily wounded.
The hound bites you but does no damage. x2
You barely miss the hound.
The hound is heavily wounded.
The hound misses you.
You hit the hound.
The hound is severely wounded.
The hound barely misses you. The hound bites you but does no damage.
You slash the hound!
You kill the hound!
Lugonu accepts your kill.
You slash the orc warrior!
The orc warrior is almost dead.
The orc warrior hits you with a +0 scimitar!
You die...

#...##........#.#
..###########...## ###
.## #....###.#
.######### ###.#.....#
))..............#...##
.)...#########......##
# .....# #.##....###
>...# .....####
#..#.o#....##.....#
........#
#.##@###..........#
.....##..# #. #.#
##..##.... ..†..# ...
#. #.# ##.##....
###### #. ..# #)o#.#
...## .## ###....#
##<.## . ## ##......#
###..######..
#.......##
.............
#...###...#
...........#
#..##.##..#


You could see an orc warrior.

Vanquished Creatures
  A water moccasin (D:6)
  2 ice beasts (D:5)
  A black bear (D:6)
  A necrophage (D:3)
  An ogre (D:4)
  An elf zombie (Ossuary)
  A water moccasin zombie (D:5)
  4 howler monkeys
  A bullfrog zombie (D:5)
  A centaur zombie (Ossuary)
  7 hounds
  3 orc priests
  A bullfrog skeleton (D:6)
  2 jellies
  5 orc wizards
  Terence (D:2)
  2 iguanas (D:4)
  3 worker ants
  4 big kobold zombies (Ossuary)
  3 hound zombies
  3 mummies (Ossuary)
  Robin (D:3)
  4 gnolls (D:3)
  8 adders
  2 ufetubi (D:5)
  3 adder zombies (Ossuary)
  2 dart slugs
  3 leopard geckos
  8 orcs
  4 giant cockroaches
  3 gnoll zombies (Ossuary)
  14 goblins
  13 hobgoblins
  6 jackals
  3 quokkas
  10 bats
  3 frilled lizards
  4 goblin zombies (Ossuary)
  6 hobgoblin zombies (Ossuary)
  A jackal zombie (Ossuary)
  6 kobolds
  2 kobold zombies (Ossuary)
  3 quokka zombies (Ossuary)
  13 rats
  7 rat zombies (Ossuary)
  A spectral orc (D:5)
178 creatures vanquished.

Vanquished Creatures (others)
  An orc wizard (D:4)
  11 fungi (D:4)
  A plant (D:3)
13 creatures vanquished.

Grand Total: 191 creatures vanquished

Notes
Turn   | Place    | Note
-------+----------+-------------------------------------------
     0 | Abyss:1  | phalm the Demonspawn Abyssal Knight began the quest for the
                  | Orb.
     0 | Abyss:1  | Reached XP level 1. HP: 18/18 MP: 2/2
    27 | Abyss:1  | Noticed a crimson imp
    27 | Abyss:1  | Noticed a crimson imp
    44 | D:1      | Escaped the Abyss
   351 | D:1      | Gained mutation: You regenerate a little health from kills.
                  | [demonic ancestry]
   351 | D:1      | Reached XP level 2. HP: 22/24 MP: 3/3
   566 | D:1      | Reached skill level 1 in Dodging
   585 | D:1      | Reached ** piety under Lugonu
   939 | D:2      | Reached XP level 3. HP: 16/29 MP: 5/5
  1175 | D:2      | Noticed Terence
  1199 | D:2      | Killed Terence
  1200 | D:2      | Gained mutation: Your flesh is cold resistant. (rC+)
                  | [demonic ancestry]
  1200 | D:2      | Reached XP level 4. HP: 27/36 MP: 6/6
  1488 | D:2      | Found a bloodstained altar of Trog.
  1930 | D:3      | Reached XP level 5. HP: 30/42 MP: 7/7
  2231 | D:3      | Reached *** piety under Lugonu
  2234 | D:3      | Noticed Robin
  2249 | D:3      | Killed Robin
  2640 | D:3      | Noticed a necrophage
  2661 | D:3      | Killed a necrophage
  2662 | D:3      | Gained mutation: You are immune to freezing clouds.
                  | [demonic ancestry]
  2662 | D:3      | Reached XP level 6. HP: 16/46 MP: 2/9
  3812 | D:4      | Got a scintillating bronze amulet
  3818 | D:4      | Identified the amulet of the Will of the Gods {+Fly rElec
                  | Will++ Regen+ MP-9} (You found it on level 4 of the
                  | Dungeon)
  3843 | D:4      | Reached XP level 7. HP: 52/55 MP: 1/10
  4585 | D:5      | Entered Level 5 of the Dungeon
  4605 | D:5      | Found a sand-covered staircase.
  4617 | Ossuary  | Entered an ossuary
  4701 | Ossuary  | Reached skill level 5 in Invocations
  4809 | Ossuary  | Reached skill level 5 in Long Blades
  4849 | Ossuary  | Reached **** piety under Lugonu
  4914 | Ossuary  | Reached skill level 5 in Fighting
  4962 | Ossuary  | Gained mutation: You have an unusually large brain. (Int
                  | +2) [demonic ancestry]
  4962 | Ossuary  | Reached XP level 8. HP: 62/62 MP: 2/11
  5240 | D:5      | Found a shadowy altar of Dithmenos.
  5831 | D:5      | Found a basalt altar of Yredelemnul.
  5865 | D:5      | Found a staircase to the Ecumenical Temple.
  6158 | D:6      | Reached skill level 1 in Shields
  6453 | D:6      | Found a shadowy altar of Dithmenos.
  6459 | D:6      | Gained mutation: A meltable icy envelope protects you from
                  | harm. (AC +10) [demonic ancestry]
  6459 | D:6      | Reached XP level 9. HP: 69/69 MP: 4/13
  6494 | D:6      | HP: 2/69 [orc warrior/+0 scimitar (4)]
  6510 | D:6      | Slain by an orc warrior

Illustrated notes

Levels and vault maps discovered:
D:1:      dpeg_arrival_connections, layout_basic
D:2:      layout_loops_ring, lemuel_coloured_pillars_altar, uniq_terence
D:3:      layout_loops_ring, hangedman_abyss_or_decor_stabs, chequers_big_river,
          grunt_ministairs_14, uniq_robin
D:4:      layout_loops_cross, serial_aquarium, aquarium_bridge_square
          [aquarium_subvault_wall, aquarium_subvault_bridge,
          aquarium_subvault_window, aquarium_subvault_window],
          aquarium_window_2, aquarium_window_fake, aquarium_view_2a,
          aquarium_balcony_double_3, kennysheep_generic_room_11
D:5:      minmay_polygon_palace, layout_loops_cross, overflow_temple_1_default,
          yredelemnul_forgotten_temple_becter, minmay_temple_entry_glassed_door,
          nicolae_ossuary_entry_ruins
D:6:      layout_rooms, grunt_temple_overflow_order_and_chaos_1,
          nicolae_dithmenos_through_a_glass_darkly

Skill      XL: |  1  2  3  4  5  6  7  8 |
---------------+-------------------------+-----
Long Blades    | 2 3 4 5 6 |  6.3
Dodging        | 1 2 3 4 |  4.1
Armour         | 2 3 4 |  4.5
Invocations    | 3 4 5 6 |  6.3
Fighting       | 4 5 |  5.7
Shields        | 1 |  1.9

Action                   |  1- 3 |  4- 6 |  7- 9 || total
-------------------------+-------+-------+-------++-------
Melee: Falchion          |    90 |   222 |   581 ||   893
Invok: Bend Space        |       |     2 |     1 ||     3
       Banish            |       |     1 |       ||     1
Evoke: Wand              |       |     3 |       ||     3
  Use: Scroll            |       |       |     6 ||     6
       Potion            |       |       |     2 ||     2
Armor: Leather armour    |     5 |       |       ||     5
       Scale mail        |    43 |   142 |   321 ||   506
Dodge: Dodged            |    63 |   135 |   322 ||   520
Block: Buckler           |       |       |    36 ||    36
       Rpst.: Falchion   |    25 |    46 |    92 ||   163
